Map: [ESL] Crimson Court

Players

Rodzyn

  • Race: Protoss Protoss
  • Spawn Location: 1:00

NightPhoenix - Winner!

  • Race: Protoss Protoss
  • Spawn Location: 7:00

Event: ESL SC2 Masters 2024 Spring (Regional)

VOD

Have the link to the VOD?

Description

Time

  • Played on: April 13, 2024, 12:23 p.m.
  • Length: 16:37

All games in this series

Show
View Real Time Build Order
Export as new Build Order

Rodzyn Protoss 

Build Orders: Blink Stalkers 

Get SALT Encoding   

  12  0:00  Probe  
  13  0:12  Probe  
  14  0:17  Pylon  
  14  0:24  Probe (Chrono Boost)  
  16  0:37  Probe (Chrono Boost)  
  16  0:38  Gateway  
  16  0:42  Probe (Chrono Boost)  
  16  0:46  Assimilator  
  17  0:51  Probe  
  17  0:55  Assimilator  
  18  1:03  Probe (Chrono Boost)  
  19  1:07  Gateway  
  19  1:14  Probe (Chrono Boost)  
  20  1:18  Probe (Chrono Boost)  
  20  1:24  Cybernetics Core  
  21  1:29  Probe  
  22  1:34  Pylon  
  22  1:41  Probe  
  23  1:53  Probe  
  24  2:00  Sentry, Stalker  
  28  2:09  Warp Gate  
  28  2:10  Probe  
  28  2:15  Pylon  
  29  2:23  Probe  
  30  2:32  Sentry  
  32  2:41  Sentry  
  34  2:50  Nexus  
  34  2:51  Pylon  
  34  3:09  Probe  
  35  3:19  Stalker  
  35  3:21  Probe (Chrono Boost)  
  35  3:23  Twilight Council  
  36  3:31  Stalker  
  36  3:34  Probe (Chrono Boost)  
  39  3:39  Probe (Chrono Boost)  
  40  3:48  Probe  
  41  3:57  Blink (Chrono Boost)  
  41  3:58  Stalker  
  41  4:00  Probe  
  44  4:12  Stalker, Probe  
  47  4:18  Probe (Chrono Boost)  
  48  4:24  Probe (Chrono Boost)  
  48  4:25  Stalker  
  48  4:30  Probe (Chrono Boost)  
  52  4:36  Probe (Chrono Boost)  
  54  4:38  Probe (Chrono Boost)  
  54  4:41  Probe (Chrono Boost)  
  54  4:45  Probe  
  51  4:50  Probe  
  51  4:52  Robotics Facility  
  53  4:57  Probe  
  54  5:03  Probe  
  54  5:05  Pylon  
  54  5:06  Stalker  
  57  5:08  Stalker  
  57  5:09  Probe  
  57  5:11  Shield Battery  
  59  5:15  Probe  
  61  5:21  Probe  
  61  5:22  Assimilator  
  61  5:24  Pylon  
  61  5:27  Probe  
  62  5:31  Stalker  
  62  5:33  Probe  
  65  5:37  Observer (Chrono Boost)  
  65  5:39  Probe  
  65  5:40  Stalker  
  69  5:45  Probe  
  70  5:51  Probe  
  70  5:53  Pylon  
  70  5:55  Immortal (Chrono Boost)  
  75  5:57  Stalker  
  75  6:00  Gateway  
  77  6:15  Nexus  
  77  6:17  Pylon  
  77  6:18  Probe  
  78  6:25  Probe  
  79  6:26  Immortal (Chrono Boost)  
  79  6:31  Probe  
  84  6:38  Probe  
  84  6:39  Shield Battery  
  85  6:44  Probe  
  86  6:47  Stalker  
  86  6:50  Charge, Probe  
  86  6:53  Forge  
  89  6:56  Probe  
  89  6:57  Pylon  
  90  7:02  Probe  
  91  7:08  Probe  
  91  7:11  Observer  
  91  7:14  Pylon  
  91  7:15  Probe  
  94  7:18  Pylon  
  94  7:19  Protoss Ground Weapons Level 1 (Chrono Boost)  
  94  7:20  Probe  
  95  7:26  Pylon  
  95  7:27  Probe  
  96  7:30  Gateway  
  96  7:32  Gateway  
  96  7:33  Probe  
  96  7:35  Probe  
  98  7:43  Photon Cannon  
  95  7:44  Photon Cannon, Probe  
  95  7:45  Photon Cannon  
  96  7:55  Probe x2  
  98  7:58  Probe  
  98  8:01  Assimilator  
  98  8:02  Assimilator  
  98  8:04  Gateway  
  99  8:07  Probe x2  
  99  8:08  Gateway x2  
  101  8:16  Probe  
  101  8:18  Zealot x3  
  108  8:26  Templar Archives  
  108  8:28  Probe  
  93  8:49  Stalker x5  
  93  8:50  Probe  
  93  8:53  Pylon  
  104  8:58  Protoss Ground Weapons Level 2 (Chrono Boost)  
  104  9:01  Stalker  
  104  9:02  Stalker  
  108  9:06  Nexus  
  108  9:07  Pylon  
  108  9:08  Probe  
  103  9:20  High Templar x3  
  103  9:21  High Templar  
  103  9:22  Zealot x2  
  103  9:24  Gateway  
  112  9:26  Archon x2, Gateway  
  112  9:29  Probe  
  112  9:30  Probe  
  114  9:39  Robotics Bay  
  114  9:40  Zealot x2  
  114  9:42  Probe  
  114  9:45  Zealot x2  
  123  9:52  Pylon, Nexus  
  123  9:55  Zealot x2, Robotics Facility  
  123  9:56  Zealot x2  
  123  9:59  Probe  
  132  10:06  Pylon, Probe  
  133  10:12  Stalker x3  
  139  10:24  Disruptor (Chrono Boost)  
  143  10:30  Pylon  
  143  10:32  Pylon  
  143  10:35  Zealot x8  
  141  10:36  Zealot x2  
  149  10:48  Disruptor (Chrono Boost)  
  129  10:58  Zealot x7  
  129  10:59  Disruptor (Chrono Boost)  
  129  11:01  Stalker x3  
  146  11:17  Disruptor  
  138  11:22  Zealot x5  
  138  11:23  Zealot x2  
  128  11:38  Zealot  
  128  11:39  Zealot x2  
  116  11:44  Zealot x6  
  116  11:45  Zealot  
  116  11:53  Observer  
  116  11:54  Disruptor x2 (Chrono Boost)  
  112  12:00  High Templar x2  
  120  12:04  Archon  
  120  12:06  High Templar x2  
  120  12:07  High Templar  
  124  12:10  Nexus  
  124  12:11  Archon  
  124  12:12  High Templar  
  124  12:13  Pylon  
  126  12:17  Zealot x3, Archon  
  132  12:23  Probe  
  132  12:24  Probe  
  132  12:25  Stalker  
  132  12:26  Disruptor (Chrono Boost)  
  140  12:34  Shield Battery  
  140  12:36  Disruptor (Chrono Boost), Photon Cannon  
  140  12:38  Probe  
  141  12:46  Probe x2  
  141  12:50  Probe  
  144  12:52  Unknown  
  144  12:59  High Templar  
  144  13:00  High Templar  
  144  13:03  Archon  
  144  13:05  Nexus  
  148  13:06  Pylon  
  148  13:11  Photon Cannon  
  148  13:17  Pylon  
  148  13:18  Pylon  
  146  13:25  Disruptor (Chrono Boost)  
  146  13:27  Stalker  
  146  13:28  Stalker  
  146  13:29  Zealot x2  
  146  13:33  Probe  
  155  13:35  Shield Battery  
  155  13:37  Photon Cannon  
  155  13:44  Zealot x3, High Templar x2  
  165  13:50  Archon, Photon Cannon  
  165  13:53  Zealot x2, Pylon  
  169  13:58  Zealot x2  
  169  14:02  Zealot  
  171  14:13  Zealot x2  
  171  14:14  Zealot x3  
  163  14:22  Zealot x5  
  124  14:42  Zealot x3  
  124  14:43  Zealot x7  
  130  14:52  Probe  
  87  14:55  Zealot x9  
  87  14:57  Probe  
  92  15:00  Disruptor x2 (Chrono Boost)  
  83  15:17  Observer, Probe x4  
  83  15:18  High Templar x2  
  83  15:19  High Templar x7  
  83  15:20  Zealot  
  107  15:22  Archon x2  
  107  15:23  Archon x2  
  107  15:24  Assimilator  
  107  15:27  Assimilator, Disruptor  
  111  15:39  Forge  
  111  15:41  High Templar  
  113  15:45  Archon  
  112  15:51  Zealot x7  
  112  15:52  Zealot  
  122  16:10  Nexus  
  92  16:29  Zealot x6  
Show
View Real Time Build Order
Export as new Build Order

NightPhoenix Protoss - Winner!

Build Orders: Oracle Opening 

Get SALT Encoding   

  12  0:00  Probe  
  13  0:12  Probe  
  14  0:17  Pylon  
  14  0:24  Probe (Chrono Boost)  
  15  0:36  Probe (Chrono Boost)  
  15  0:37  Gateway  
  16  0:45  Probe (Chrono Boost)  
  16  0:47  Assimilator  
  17  0:51  Probe  
  17  0:54  Assimilator  
  18  1:03  Probe (Chrono Boost)  
  19  1:09  Gateway  
  19  1:15  Probe (Chrono Boost)  
  20  1:22  Probe (Chrono Boost)  
  20  1:24  Cybernetics Core  
  21  1:29  Probe  
  22  1:35  Pylon  
  22  1:41  Probe  
  23  2:00  Stargate  
  23  2:01  Adept x2  
  23  2:07  Pylon  
  27  2:11  Warp Gate  
  27  2:31  Adept x2  
  27  2:34  Shield Battery  
  31  2:45  Oracle (Chrono Boost)  
  34  3:10  Nexus  
  34  3:12  Oracle (Chrono Boost)  
  33  3:23  Pylon  
  33  3:25  Probe  
  34  3:45  Probe  
  35  3:50  Robotics Facility  
  35  3:58  Probe  
  35  4:00  Stalker x2  
  40  4:10  Probe  
  39  4:22  Probe  
  40  4:25  Stalker x2  
  40  4:27  Probe  
  40  4:28  Pylon  
  45  4:34  Probe  
  46  4:39  Probe  
  45  4:46  Probe  
  45  4:50  Immortal (Chrono Boost)  
  45  4:52  Probe (Chrono Boost)  
  47  4:55  Sentry  
  54  5:01  Shield Battery  
  54  5:02  Probe (Chrono Boost)  
  54  5:04  Probe (Chrono Boost)  
  55  5:08  Sentry  
  55  5:12  Probe (Chrono Boost)  
  59  5:14  Probe (Chrono Boost)  
  59  5:18  Probe  
  59  5:20  Assimilator, Observer  
  60  5:27  Probe  
  62  5:29  Pylon  
  62  5:30  Probe  
  63  5:39  Nexus  
  63  5:44  Probe x2  
  63  5:46  Immortal (Chrono Boost)  
  69  5:56  Probe x2  
  71  5:58  Shield Battery  
  71  6:04  Twilight Council  
  71  6:07  Forge  
  71  6:08  Probe  
  71  6:10  Probe  
  73  6:21  Probe  
  73  6:23  Protoss Ground Weapons Level 1 (Chrono Boost)  
  78  6:28  Probe  
  78  6:29  Gateway  
  78  6:30  Gateway  
  78  6:31  Gateway  
  78  6:32  Pylon  
  75  6:37  Blink (Chrono Boost), Probe  
  76  6:40  Probe  
  77  6:50  Probe x2  
  79  6:55  Gateway  
  79  6:57  Gateway  
  79  6:59  Gateway  
  79  7:06  Probe x3  
  82  7:08  Sentry x2  
  82  7:12  Pylon  
  82  7:14  Assimilator  
  86  7:17  Pylon  
  86  7:20  Assimilator  
  86  7:24  Stalker x2  
  86  7:26  Stalker  
  92  7:33  Probe x3  
  92  7:35  Stalker  
  97  7:42  Stalker  
  96  7:45  Probe x2  
  96  7:46  Probe  
  96  7:49  Stalker x2  
  96  7:50  Stalker  
  105  7:53  Protoss Ground Weapons Level 2, Stalker  
  105  7:56  Stalker  
  109  8:00  Pylon  
  109  8:11  Nexus  
  109  8:14  Probe  
  109  8:16  Probe x2  
  109  8:17  Charge (Chrono Boost)  
  112  8:25  Templar Archives  
  112  8:28  Photon Cannon  
  104  8:48  Stalker x5  
  100  8:49  Stalker x2  
  100  8:51  Stalker  
  114  8:58  Gateway  
  114  8:59  Gateway  
  114  9:03  Probe x3  
  111  9:21  Zealot x7  
  111  9:23  Zealot  
  127  9:25  Probe x3  
  127  9:27  Probe  
  131  9:38  Photon Cannon  
  131  9:41  Photon Cannon  
  131  9:44  High Templar x4, Photon Cannon  
  139  9:46  Shield Battery  
  139  9:48  Unknown  
  139  9:50  Archon x2  
  139  9:53  Pylon  
  139  9:55  Pylon x2  
  139  10:05  Probe  
  140  10:10  Probe x2  
  140  10:11  Warp Prism (Chrono Boost)  
  140  10:12  Zealot  
  140  10:13  Zealot x5  
  154  10:17  Protoss Ground Weapons Level 3 (Chrono Boost)  
  154  10:18  High Templar x3  
  154  10:19  High Templar  
  162  10:24  Archon x2  
  143  10:40  Zealot x6  
  147  10:47  Probe x2  
  137  11:00  Zealot x2  
  137  11:01  Zealot x7  
  137  11:04  Zealot  
  143  11:23  Zealot x9  
  143  11:24  Zealot  
  113  11:43  Immortal (Chrono Boost)  
  113  11:45  Zealot x9  
  115  11:47  Zealot  
  115  11:49  Observer  
  101  12:02  Gateway x2  
  101  12:03  Stalker x4  
  101  12:04  Stalker x2  
  101  12:06  Observer, Stalker x4  
  121  12:11  Immortal  
  121  12:19  High Templar  
  121  12:20  High Templar x3  
  133  12:22  High Templar x2  
  133  12:24  Archon x2  
  133  12:25  Sentry  
  133  12:26  Archon  
  133  12:29  Nexus  
  139  12:30  Zealot, High Templar x2  
  139  12:35  Pylon  
  145  12:39  Archon, Fleet Beacon  
  145  12:41  Pylon  
  145  12:46  Observer  
  145  12:52  High Templar, Warp Prism (Chrono Boost)  
  145  12:53  High Templar, Stalker  
  145  12:54  Protoss Shields Level 1, Stalker x3  
  145  12:57  Stalker  
  145  12:58  Archon, Stalker  
  163  13:00  Zealot x2  
  167  13:10  Zealot x2  
  167  13:11  Probe x2  
  167  13:12  Probe x2  
  175  13:16  Pylon  
  159  13:20  Pylon  
  158  13:29  Mothership (Chrono Boost)  
  158  13:35  Zealot x7  
  158  13:37  Zealot  
  174  13:47  Zealot x4  
  182  13:51  Observer (Chrono Boost)  
  183  13:57  Zealot x7  
  183  13:59  Zealot  
  163  14:20  Zealot x2  
  163  14:21  Zealot x10  
  133  14:48  Zealot x3  
  133  14:49  Zealot x7  
  133  14:50  Zealot x2  
  143  14:57  Immortal (Chrono Boost)  
  135  15:04  High Templar x4  
  131  15:11  Archon  
  131  15:12  Archon, Stalker x4  
  131  15:13  Stalker x4  
  147  15:16  Assimilator x2  
  145  15:28  Shield Battery  
  145  15:30  Warp Prism (Chrono Boost)  
  145  15:31  Photon Cannon  
  145  15:32  Photon Cannon  
  145  15:34  Photon Cannon  
  147  15:36  Shield Battery  
  147  15:37  Shield Battery  
  147  15:38  High Templar x5  
  147  15:39  Pylon  
  147  15:40  High Templar x2  
  147  15:41  High Templar  
  163  15:42  Zealot  
  163  15:45  Archon x3  
  163  15:46  Archon  
  163  15:47  Zealot x3  
  171  16:09  Zealot x4  
  171  16:11  Zealot x5  
  157  16:28  Zealot x3  
  143  16:34  Zealot  
  143  16:35  Zealot x7  
Tags
 
Add a new tag
Caveats
  • Supply blocks, unpowered buildings, or Contaminate may cause inaccurate times.
  • Supply counts are checked every 10 seconds.